 Dungeon Crawl Stone Soup version 0.25.1-9-gc5326a611f (webtiles) character file.

Game seed: 18399899453100560548

10070 theanonym the Cleaver (level 11, -1/99 HPs)
             Began as a Centaur Gladiator on Sept 2, 2021.
             Was a Believer of Zin.
             Succumbed to a hornet's poison
             ... on level 10 of the Dungeon.
             The game lasted 00:18:29 (18313 turns).

theanonym the Cleaver (Centaur Gladiator)          Turns: 18313, Time: 00:18:30

Health: -1/99      AC: 13    Str: 19    XL:     11   Next: 31%
Magic:  14/14      EV:  4    Int:  7    God:    Zin [**....]
Gold:   173        SH:  0    Dex: 12    Spells: 10/10 levels left

rFire    . . .     SeeInvis .   a - +0 battleaxe
rCold    . . .     Gourm    .   (shield currently unavailable)
rNeg     . . .     Faith    .   b - +0 plate armour
rPois    .         Spirit   .   p - +2 helmet
rElec    .         Reflect  .   (no cloak)
rCorr    +         Harm     .   s - +1 pair of gloves
MR       .....                  (no barding)
Stlth    ..........             (no amulet)
HPRegen  0.26/turn              g - ring of resist corrosion
MPRegen  0.14/turn              (no ring)

@: lethally poisoned (-1 -> -19), berserk cooldown, hasted and slowed, very
quick
A: large, hooves 3, deformed body, speed 2, tough skin 3
a: Recite, Vitalisation, Donate Gold, Renounce Religion


Innate Abilities, Weirdness & Mutations

You have hooves in place of feet.
Armour fits poorly on your strangely shaped body.
You cover ground very quickly.
You have extremely tough skin. (AC +3)


   Skills:
 + Level 10.1 Fighting
 * Level 12.7 Axes
 - Level 2.1 Throwing
 - Level 2.1 Dodging
 + Level 4.8 Evocations


You had 10 spell levels left.
You didn't know any spells.
Your spell library contained the following spells:

 Spells                   Type           Power        Failure   Level  Hunger
 Foxfire                  Conj/Fire      #...         100%        1    ##.....
 Magic Dart               Conj           #...         100%        1    ##.....
 Summon Small Mammal      Summ           #...         100%        1    ##.....
 Blink                    Tloc           N/A          100%        2    ###....
 Call Imp                 Summ           #.......     100%        2    ###....
 Slow                     Hex            #.......     100%        2    ###....
 Call Canine Familiar     Summ           #.......     100%        3    ####...
 Confusing Touch          Hex            #.......     100%        3    ####...
 Conjure Flame            Conj/Fire      #.......     100%        3    ####...
 Gell's Gravitas          Tloc           #.........   100%        3    ####...
 Inner Flame              Hex/Fire       #.......     100%        3    ####...
 Mephitic Cloud           Conj/Pois/Air  #.......     100%        3    ####...
 Summon Guardian Golem    Hex/Summ       #.......     100%        3    ####...
 Petrify                  Tmut/Erth      #.......     100%        4    #####..
 Sticky Flame             Conj/Fire      #.......     100%        4    #####..
 Summon Ice Beast         Ice/Summ       #.......     100%        4    #####..
 Summon Lightning Spire   Summ/Air       #.......     100%        4    #####..
 Bolt of Magma            Conj/Fire/Erth #.........   100%        5    ######.
 Fireball                 Conj/Fire      #.........   100%        5    ######.
 Iskenderun's Battlesphe  Conj/Chrm      #.......     100%        5    ######.
 Metabolic Englaciation   Hex/Ice        #.........   100%        5    ######.
 Yara's Violent Unravell  Hex/Tmut       #.........   100%        5    ######.
 Iron Shot                Conj/Erth      #.........   100%        6    #######
 Orb of Destruction       Conj           #.........   100%        7    #######
 Spellforged Servitor     Conj/Summ      #.........   100%        7    #######

Skill      XL: |  1  2  3  4  5  6  7  8  9 10 11 |
---------------+----------------------------------+-----
Axes           | 3 4 5 6 8 9 11 12 | 12.7
Fighting       | 3 4 6 7 8 9 10 | 10.1
Evocations     | 4 |  4.8
Throwing       | |  2.1
Dodging        | |  2.1

Action                   |  1- 3 |  4- 6 |  7- 9 | 10-12 || total
-------------------------+-------+-------+-------+-------++-------
Melee: War axe           |    82 |   157 |   209 |       ||   448
       Kick              |    14 |    33 |    81 |    92 ||   220
       Battleaxe         |       |       |   140 |   336 ||   476
Throw: Throwing net      |       |       |     1 |       ||     1
Invok: Recite            |       |       |       |     1 ||     1
Evoke: Wand              |       |       |    10 |     7 ||    17
       Lightning rod     |       |       |       |     1 ||     1
  Use: Potion            |       |     2 |     2 |     5 ||     9
       Scroll            |       |       |    10 |     5 ||    15
 Stab: Held in net/web   |       |       |     2 |       ||     2
  Eat: Chunk             |     1 |     6 |    14 |    12 ||    33
       Ration            |       |       |     3 |     5 ||     8
Armor: Leather armour    |    27 |       |       |       ||    27
       Ring mail         |    12 |    71 |     8 |       ||    91
       Chain mail        |       |       |    59 |       ||    59
       Plate armour      |       |       |   213 |   333 ||   546
Dodge: Dodged            |    50 |    66 |    86 |    73 ||   275

Inventory:

Hand Weapons
 a - a +0 battleaxe (weapon)
Missiles
 d - 2 throwing nets (quivered)
Armour
 b - a +0 plate armour (worn)
 p - a +2 helmet (worn)
 s - a +1 pair of gloves (worn)
Jewellery
 g - a ring of resist corrosion (left hand)
 k - an uncursed ring of fire {rF++ rC-}
Wands
 c - a wand of clouds (3)
 i - a wand of flame (8)
 E - a wand of paralysis (9)
Scrolls
 f - 4 scrolls of fog
 j - 3 scrolls of amnesia
 n - 9 scrolls of remove curse
 r - 3 scrolls of identify
 t - 4 scrolls of teleportation
 v - 2 scrolls of enchant weapon
 y - 3 scrolls of magic mapping
 z - 4 scrolls of immolation
Potions
 h - a potion of haste
 l - 3 potions of brilliance
 m - a potion of stabbing
 o - 3 potions of berserk rage
 q - 2 potions of heal wounds
 u - a potion of magic
 B - a potion of invisibility
 C - a potion of cancellation
 D - a potion of flight {unknown}
 G - a potion of mutation {unknown}
Miscellaneous
 A - a lightning rod (3/4)
Comestibles
 e - 4 rations


You were on level 10 of the Dungeon.
You worshipped Zin.
Zin was pleased with you.
You were very hungry.

You visited 2 branches of the dungeon, and saw 11 of its levels.

You collected 387 gold pieces.
You spent 195 gold pieces at shops.
You donated 19 gold pieces to Zin.

Dungeon Overview and Level Annotations

Branches:
Dungeon (10/15)            Temple (1/1) D:7            Lair (0/6) D:8
    Orc: D:9-12

Altars:
Ashenzari
Cheibriados
Dithmenos
Elyvilon
Fedhas
Gozag
Hepliaklqana
Kikubaaqudgha
Makhleb
Nemelex Xobeh
Okawaru
Qazlal
Ru
Sif Muna
Trog
Uskayaw
Vehumet
Wu Jian
Xom
Yredelemnul
Zin
The Shining One

Shops:
D:8

! ..................#
..................#
..................###
#########'###+##+#..#
.......#............#
.......#............#
.......#............#
.......#............#
.......#........@..## ##
.......#...........#.#.#
.......#...........##†#
#################....#.#
##.##.#.# #.# #### ###


There were no monsters in sight!

Notes
Turn   | Place    | Note
-------+----------+-------------------------------------------
     0 | D:1      | theanonym the Centaur Gladiator began the quest for the
                  | Orb.
     0 | D:1      | Reached XP level 1. HP: 17/17 MP: 1/1
    29 | D:1      | HP: 8/17 [kobold/+0 dagger (4)]
    31 | D:1      | Reached skill level 3 in Axes
   252 | D:1      | Reached XP level 2. HP: 23/24 MP: 2/2
   569 | D:1      | Reached XP level 3. HP: 27/30 MP: 3/3
   792 | D:1      | HP: 14/30 [hobgoblin/+0 club (2)]
  1186 | D:2      | HP: 15/30 [worker ant (6)]
  1191 | D:2      | HP: 10/30 [goblin/stone (1)]
  1554 | D:2      | Reached skill level 4 in Axes
  1554 | D:2      | Reached XP level 4. HP: 32/37 MP: 4/4
  1798 | D:2      | Reached skill level 3 in Fighting
  1878 | D:2      | Noticed Jessica
  1880 | D:2      | HP: 19/38 [Jessica/puff of flame (6)]
  1881 | D:2      | Killed Jessica
  1887 | D:2      | HP: 15/38 [hobgoblin (1)]
  2143 | D:2      | Reached XP level 5. HP: 41/45 MP: 5/5
  2480 | D:3      | Noticed Robin
  2492 | D:2      | Killed Robin
  2788 | D:3      | Noticed Grinder
  2790 | D:3      | Paralysed by Grinder for 5 turns
  2802 | D:3      | Killed Grinder
  2802 | D:3      | Reached skill level 4 in Fighting
  2802 | D:3      | Reached skill level 5 in Axes
  2802 | D:3      | Reached XP level 6. HP: 52/52 MP: 6/6
  3407 | D:4      | Noticed a slave
  3407 | D:4      | Noticed a slave
  3408 | D:4      | Noticed Pikel
  3422 | D:4      | Killed a slave
  3436 | D:4      | HP: 23/53 [slave[Pikel] (5)]
  3439 | D:4      | Killed a slave
  3655 | D:4      | Reached skill level 6 in Axes
  3687 | D:4      | Reached XP level 7. HP: 49/60 MP: 7/7
  4347 | D:4      | Reached skill level 5 in Fighting
  4838 | D:4      | Killed Pikel
  4838 | D:4      | Reached skill level 6 in Fighting
  4838 | D:4      | Reached skill level 8 in Axes
  4838 | D:4      | Reached XP level 8. HP: 59/70 MP: 8/8
  5326 | D:5      | Entered Level 5 of the Dungeon
  5348 | D:5      | You fall into a shaft and drop 2 floors!
  5382 | D:6      | HP: 30/70 [orc warrior/+0 flail (18)]
  5384 | D:6      | HP: 14/70 [orc warrior/+0 flail (10)]
  5717 | D:6      | HP: 29/70 [orc warrior/+1 vorpal long sword (11)]
  5723 | D:6      | HP: 21/71 [orc wizard/magic dart (7)]
  6470 | D:6      | Reached skill level 9 in Axes
  6536 | D:6      | HP: 31/71 [orc warrior/+0 dire flail (17)]
  6546 | D:6      | HP: 31/71 [orc/+0 dagger (2)]
  6553 | D:6      | Reached skill level 7 in Fighting
  6656 | D:6      | Reached XP level 9. HP: 60/79 MP: 9/9
  6781 | D:6      | HP: 31/79 [orc warrior/+0 trident (10)]
  6783 | D:6      | HP: 1/79 [orc warrior/+0 trident (17)]
  7447 | D:5      | Found a basalt altar of Yredelemnul.
  7450 | D:5      | Found a burning altar of Makhleb.
  7452 | D:5      | Found a shimmering blue altar of Sif Muna.
  7456 | D:5      | HP: 38/79 [orc priest/divine providence (12)]
  7473 | D:5      | HP: 33/79 [something/magic dart (6)]
  8621 | D:6      | HP: 39/79 [orc warrior/+0 trident (13)]
  8623 | D:6      | Reached skill level 10 in Axes
  8970 | D:7      | Found a staircase to the Ecumenical Temple.
  8978 | Temple   | Entered the Ecumenical Temple
  9286 | D:7      | Reached skill level 8 in Fighting
  9694 | D:7      | Noticed Menkaure
  9706 | D:7      | Killed Menkaure
  9727 | D:7      | Found a radiant altar of Vehumet.
  9728 | D:7      | Found a sacrificial altar of Ru.
  9938 | D:8      | Found Duastraok's Distillery.
  9957 | D:8      | Bought a potion of heal wounds for 65 gold pieces
  9957 | D:8      | Bought a potion of haste for 130 gold pieces
  9963 | D:8      | Noticed Grum
  9970 | D:8      | HP: 33/81 [wolf[Grum] (8)]
  9971 | D:8      | HP: 10/82 [Grum/-1 spear (12)]
  9978 | D:8      | HP: 8/82 [poisoned by a worker ant]
  9983 | D:7      | HP: 5/82 [wolf[Grum] (3)]
  9988 | D:7      | HP: 4/82 [poisoned by a worker ant]
 10368 | D:8      | HP: 40/82 [Grum/-1 spear (12)]
 10713 | D:8      | HP: 37/82 [gnoll/+0 halberd (5)]
 10721 | D:8      | HP: 22/82 [poisoned by a gnoll]
 10731 | D:8      | HP: 21/82 [poisoned by a gnoll]
 10737 | D:8      | HP: 21/82 [poisoned by a gnoll]
 10742 | D:8      | HP: 21/82 [poisoned by a gnoll]
 11017 | D:8      | Reached skill level 11 in Axes
 11078 | D:8      | Reached XP level 10. HP: 65/90 MP: 10/10
 11089 | D:8      | Noticed a two-headed ogre
 11181 | D:8      | HP: 44/90 [two-headed ogre/+0 giant club (20)]
 11182 | D:8      | HP: 10/90 [two-headed ogre/+0 giant club (24)]
 11525 | D:7      | Reached skill level 1 in Evocations
 11698 | D:7      | Killed a two-headed ogre
 12220 | D:7      | Found a radiant altar of Vehumet.
 12221 | D:7      | Found a sacrificial altar of Ru.
 12390 | D:8      | Reached skill level 2 in Evocations
 12499 | D:8      | Found a staircase to the Lair.
 12684 | D:8      | HP: 40/90 [Grum/-1 spear (10)]
 12692 | D:8      | HP: 26/90 [Grum/-1 spear (8)]
 12696 | D:8      | Killed Grum
 12696 | D:8      | Reached skill level 9 in Fighting
 13690 | D:9      | HP: 43/91 [yak (4)]
 13924 | D:8      | Reached skill level 3 in Evocations
 13924 | D:8      | HP: 42/91 [orc warrior/+0 long sword (10)]
 14160 | D:9      | HP: 40/91 [yak (11)]
 14498 | D:9      | HP: 45/91 [orc priest/divine providence (14)]
 14504 | D:9      | HP: 21/91 [orc warrior/+0 long sword (6)]
 14506 | D:9      | Reached skill level 12 in Axes
 14993 | D:9      | Found a glowing silver altar of Zin.
 15006 | D:9      | HP: 44/91 [kobold/bolt (6)]
 15011 | D:9      | HP: 25/91 [poisoned by a kobold]
 15017 | D:9      | HP: 22/91 [poisoned by a kobold]
 15025 | D:9      | HP: 22/91 [poisoned by a kobold]
 15033 | D:9      | HP: 22/91 [poisoned by a kobold]
 15401 | D:9      | Became a worshipper of Zin the Law-Giver
 15707 | D:9      | Noticed Maggie
 15722 | D:9      | Killed Maggie
 15722 | D:9      | Reached skill level 4 in Evocations
 16087 | D:9      | Reached * piety under Zin
 16176 | D:10     | Entered Level 10 of the Dungeon
 16200 | D:10     | Reached XP level 11. HP: 91/99 MP: 14/14
 16579 | D:10     | HP: 49/99 [something (6)]
 16584 | D:10     | HP: 42/99 [something (1)]
 16589 | D:10     | HP: 39/99 [something (3)]
 16599 | D:10     | HP: 34/99 [something (2)]
 16605 | D:10     | HP: 25/99 [something (6)]
 16979 | D:10     | HP: 46/99 [something (7)]
 16984 | D:10     | Killed an unseen horror
 17309 | D:10     | HP: 47/99 [orc warrior/+0 trident (12)]
 17314 | D:10     | HP: 21/99 [orc warrior/+0 trident (8)]
 18020 | D:10     | Noticed a cyan ugly thing
 18029 | D:10     | Killed a cyan ugly thing
 18029 | D:10     | Reached skill level 10 in Fighting
 18271 | D:10     | Reached ** piety under Zin
 18288 | D:10     | Paralysed by a hornet for 1 turns
 18293 | D:10     | Paralysed by a hornet for 3 turns
 18298 | D:10     | HP: 49/99 [poisoned by a hornet]
 18303 | D:10     | HP: 32/99 [poisoned by a hornet]
 18305 | D:10     | HP: 14/99 [poisoned by a hornet]
 18305 | D:10     | HP: 5/99 [hornet (9)]
 18310 | D:10     | HP: 4/148 [poisoned by a hornet]
 18312 | D:10     | HP: 1/148 [poisoned by a hornet]
 18313 | D:10     | Succumbed to a hornet's poison

Vanquished Creatures
  A two-headed ogre (D:7)
  An unseen horror (D:10)
  Pikel (D:4)
  An ugly thing (D:10)
  Maggie (D:9)
  2 hornets (D:10)
  Grinder (D:3)
  A wraith (D:9)
  6 yaks
  Grum (D:8)
  3 hungry ghosts
  3 wargs
  Menkaure (D:7)
  A water moccasin (D:10)
  2 slaves (D:4)
  10 orc warriors
  An eye of draining (D:9)
  2 phantoms
  4 wolves
  2 ogres
  4 centaurs
  2 big kobolds
  A gnoll sergeant (D:8)
  5 bullfrogs
  3 scorpions
  A howler monkey (D:5)
  3 crimson imps
  A bullfrog zombie (D:10)
  6 hounds
  3 jellies
  2 centaur skeletons
  A bullfrog skeleton (D:6)
  13 orc priests
  18 orc wizards
  2 iguanas
  Jessica (D:2)
  10 worker ants
  Robin (D:2)
  14 gnolls
  A worker ant zombie (D:10)
  A river rat (D:6)
  9 adders
  2 shadow imps
  2 oozes (D:2)
  An adder skeleton (D:10)
  An adder zombie (D:10)
  8 worms
  3 dart slugs
  7 leopard geckos
  58 orcs
  3 giant cockroaches
  12 goblins
  14 hobgoblins
  9 jackals
  18 kobolds
  6 quokkas
  4 ball pythons
  A ball python skeleton (D:4)
  7 bats
  5 frilled lizards
  A leopard gecko skeleton (D:7)
  6 rats
315 creatures vanquished.

Vanquished Creatures (others)
  An orc wizard (D:7)
  A jackal (D:4)
2 creatures vanquished.

Grand Total: 317 creatures vanquished

Table legend:
 A = Turns spent in this place as a percentage of turns spent in the entire game.
 B = Non-inter-level travel turns spent in this place as a percentage of non-inter-level travel turns spent in the entire game.
 C = Inter-level travel turns spent in this place as a percentage of turns spent in this place.
 D = Turns resting spent in this place as a percentage of non-inter-level travel turns spent in this place.
 E = Turns spent auto-exploring this place as a percentage of non-inter-level travel turns spent in this place.
 F = Non-inter-level travel turns spent in this place divided by the number of levels of this place that you've seen.
                   A       B       C       D       E      F
               +-------+-------+-------+-------+-------+----------------------
         Total | 100.0 | 100.0 |   3.5 |  31.3 |  56.2 | 1607.3
       Dungeon |  99.0 |  99.1 |   3.3 |  31.6 |  55.9 | 1752.7
        Temple |   1.0 |   0.9 |  15.0 |   0.0 |  95.4 | 153.0
               +-------+-------+-------+-------+-------+----------------------
